 Dungeon Crawl Stone Soup version 0.20.1-1-g8b1a95d (webtiles) character file.

84 acidapple the Gusty (level 4, -4/24 HPs)
             Began as a Tengu Air Elementalist on Sept 6, 2017.
             Was an Initiate of Okawaru.
             Slain by Sigmund
             ... wielding a cursed -1 scythe
              (12 damage)
             ... on level 3 of the Dungeon.
             The game lasted 00:08:43 (2265 turns).

acidapple the Gusty (Tengu Air Elementalist)        Turns: 2265, Time: 00:08:43

Health: -4/24      AC:  5    Str:  8    XL:     4   Next: 45%
Magic:  9/9        EV: 10    Int: 16    God:    Okawaru [......]
Gold:   117        SH:  0    Dex: 15    Spells: 5/8 levels left

rFire    . . .     SeeInvis .   i - +0 short sword
rCold    . . .     Gourm    .   (no shield)
rNeg     . . .     Faith    +   o - +0 ring mail
rPois    .         Spirit   .   (helmet restricted)
rElec    .         Reflect  .   (no cloak)
rCorr    .         Harm     .   (no gloves)
MR       .....                  (boots unavailable)
Stlth    +.........             k - amulet of faith
Regen    0.1/turn               (no ring)
MPRegen  0.2/turn               (no ring)

@: no status effects
A: beak, talons 3
a: Renounce Religion


You were on level 3 of the Dungeon.
You worshipped Okawaru.
Okawaru was noncommittal.
You were not hungry.

You visited 1 branch of the dungeon, and saw 3 of its levels.

You collected 117 gold pieces.

Inventory:

Hand Weapons
 d - a +0 whip
 i - a +0 short sword (weapon)
Missiles
 e - 135 stones (quivered)
Armour
 a - a +0 robe
 o - a +0 ring mail (worn)
Jewellery
 k - an amulet of faith (around neck)
Scrolls
 j - a scroll of immolation {unknown}
 n - 3 scrolls of teleportation
Potions
 l - a potion of haste
Books
 b - a book of Air

   Spells                             Type                      Level
   a - Shock                          Conjuration/Air              1
   b - Swiftness                      Charms/Air                   2
   c - Static Discharge               Conjuration/Air              3
   d - Airstrike                      Air                          4
   e - Lightning Bolt                 Conjuration/Air              5
Comestibles
 c - 4 bread rations


   Skills:
 + Level 0.0 Fighting
 + Level 0.4 Short Blades
 - Level 2.1 Dodging
 - Level 2.0 Stealth
 + Level 2.7 Spellcasting
 - Level 3.2 Conjurations
 * Level 5.2 Air Magic


You had 5 spell levels left.
You knew the following spells:

 Your Spells              Type           Power        Failure   Level  Hunger
a - Shock                 Conj/Air       ###.         11%         1    #......
b - Swiftness             Chrm/Air       ##......     30%         2    ##.....


Dungeon Overview and Level Annotations

Branches:
Dungeon (3/15)

Altars:
Okawaru
Trog

Annotations:
D:2 Robin
D:3 Natasha, Sigmund


Innate Abilities, Weirdness & Mutations

You have a beak for a mouth.
You have claws for feet.


Message History

You start resting.
Sigmund is nearby!
You catch the helpless Sigmund completely off-guard!
You hit Sigmund. You peck Sigmund, but do no damage.
Sigmund is severely wounded.
Sigmund hits you but does no damage.
You hit Sigmund but do no damage. Your kick misses Sigmund.
Sigmund is severely wounded.
Sigmund hits you with an enchanted scythe!
* * * LOW HITPOINT WARNING * * *
You barely miss Sigmund.
Sigmund is severely wounded.
You barely miss Sigmund. You claw Sigmund, but do no damage.
Sigmund is severely wounded.
Sigmund closely misses you.
You hit Sigmund.
Sigmund is severely wounded.
Sigmund hits you with an enchanted scythe!
Ouch! That really hurt!
You die...

#.# ###)... #.# #.###
#.# #.# ###.# #.##
##.#.# #..##
####....##########...#
+.....(...............
###..@.##########...#
##@#.# #..## ###.#
#.## #..# #.# #.## #.#
#.# ##.## #.# #...## #
#### #.# #.#... ...
... #.# #...##
.....#.###.# #####


You could see Sigmund.

Vanquished Creatures
  An adder (D:2)
  A worm (D:2)
  A dart slug (D:2)
  A leopard gecko (D:3)
  An orc (D:3)
  A ball python (D:1)
  6 bats
  3 giant cockroaches
  15 goblins
  6 hobgoblins
  7 jackals
  A quokka (D:2)
  3 frilled lizards
  6 kobolds
  8 rats
61 creatures vanquished.

Notes
Turn   | Place    | Note
-------+----------+-------------------------------------------
     0 | D:1      | acidapple the Tengu Air Elementalist began the quest for the Orb.
     0 | D:1      | Reached XP level 1. HP: 10/10 MP: 4/4
   207 | D:1      | Reached XP level 2. HP: 15/15 MP: 1/6
   569 | D:2      | Reached XP level 3. HP: 13/19 MP: 2/7
   670 | D:2      | Learned a level 2 spell: Swiftness
   698 | D:2      | Found a bloodstained altar of Trog.
  1016 | D:2      | Noticed Robin
  1063 | D:2      | You fall through a shaft!
  1063 | D:3      | Found an iron altar of Okawaru.
  1120 | D:3      | Became a worshipper of Warmaster Okawaru
  1149 | D:3      | Found a faded altar of an unknown god.
  1150 | D:3      | Noticed Natasha
  1207 | D:2      | Reached skill level 5 in Air Magic
  1284 | D:2      | Reached XP level 4. HP: 11/24 MP: 0/8
  2132 | D:3      | Noticed Sigmund
  2265 | D:3      | Slain by Sigmund

Skill      XL: |  1  2  3  4 |
---------------+-------------+-----
Conjurations   | 2 3 |  3.2
Air Magic      | 5 |  5.2
Short Blades   | |  0.4
Dodging        | |  2.1
Stealth        | |  2.0
Spellcasting   | |  2.7

Action                   |  1- 3 |  4- 6 || total
-------------------------+-------+-------++-------
Melee: Whip              |    10 |       ||    10
       Kick              |     7 |     4 ||    11
       Short sword       |    22 |    32 ||    54
       Peck              |     4 |     1 ||     5
Throw: Stone             |     3 |       ||     3
 Cast: Shock             |    64 |    22 ||    86
       Swiftness         |     2 |       ||     2
  Use: Potion            |     1 |     3 ||     4
       Scroll            |       |     3 ||     3
 Stab: Sleeping          |     1 |     1 ||     2
       Distracted        |       |     1 ||     1
  Eat: Chunk             |     2 |     3 ||     5
Armor: Robe              |    17 |       ||    17
       Ring mail         |       |     9 ||     9
       Skin              |       |     3 ||     3
Dodge: Dodged            |    44 |    13 ||    57
